 Dungeon Crawl Stone Soup version 0.29-a0-369-gd956c00756 (webtiles) character file.

Game seed: 10035446151743710382

11928 Zinzilulo the Martial Artist (level 11, 0/63 HPs)
             Began as a Vine Stalker Monk on May 1, 2022.
             Was an Elder of Cheibriados.
             Slain by a cane toad (13 damage)
             ... on level 1 of the Lair of Beasts.
             The game lasted 00:21:58 (12757 turns).

Zinzilulo the Martial Artist (Vine Stalker Monk)   Turns: 12757, Time: 00:21:59

Health: 0/63       AC: 18    Str: 24    XL:     11   Next: 85%
Magic:  0/16       EV: 20    Int: 24    God:    Cheibriados [****..]
Gold:   739        SH:  0    Dex: 27    Spells: 14/16 levels left

rFire   . . .      SeeInvis +     - Unarmed
rCold   . . .      Faith    .   (no shield)
rNeg    . . .      Spirit   +   l - +0 acid dragon scales
rPois   .          Reflect  .   e - +2 helmet {SInv}
rElec   .          Harm     .   a - +0 cloak
rCorr   +          Rampage  .   r - +2 pair of gloves
Will    +....                   j - +0 pair of boots
Stlth   +++.......              D - amulet of the acrobat
HPRegen 1.00/turn               v - +4 ring of protection
MPRegen 0.15/turn               H - +4 ring of evasion

@: mighty, lethally poisoned (0 -> 0), very slow
A: fangs 3, regeneration 1, magic shield, antimagic bite, no potion heal 2
a: Renounce Religion, Bend Time, Temporal Distortion, Slouch


You were on level 1 of the Lair of Beasts.
You worshipped Cheibriados.
Cheibriados was greatly pleased with you.
You visited 3 branches of the dungeon, and saw 13 of its levels.

You collected 739 gold pieces.

Inventory:

Missiles
 m - 6 atropa-tipped darts
 x - 5 javelins (quivered)
Armour
 a - a +0 cloak (worn)
   (You found it on level 2 of the Dungeon)
 e - a +2 helmet of see invisible (worn)
   (You found it on level 11 of the Dungeon)
 j - a +0 pair of boots (worn)
   (You found it on level 8 of the Dungeon)
 l - +0 acid dragon scales (worn)
   (You found it on level 9 of the Dungeon)
 r - a +2 pair of gloves (worn)
   (You found it on level 9 of the Dungeon)
Jewellery
 g - a ring of flight
   (You found it on level 7 of the Dungeon)
 s - a ring of resist corrosion
   (You found it on level 3 of the Dungeon)
 v - a +4 ring of protection (left hand)
   (You found it on level 9 of the Dungeon)
 D - an amulet of the acrobat (around neck)
   (You found it on level 4 of the Dungeon)
 G - a ring of ice
   (You found it on level 5 of the Dungeon)
 H - a +4 ring of evasion (right hand)
   (You found it on level 5 of the Dungeon)
Wands
 d - a wand of iceblast (13)
   (You found it on level 7 of the Dungeon)
 t - a wand of flame (30)
   (You took it off Robin on level 2 of the Dungeon)
 u - a wand of polymorph (2)
   (You found it on level 9 of the Dungeon)
Scrolls
 f - 3 scrolls of noise {unknown}
 h - a scroll of vulnerability {unknown}
 i - 5 scrolls of teleportation {unknown}
 n - 3 scrolls of acquirement {unknown}
 o - a scroll of brand weapon {unknown}
 w - 3 scrolls of fog
 y - 7 scrolls of blinking
 A - 2 scrolls of enchant armour {unknown}
 I - 2 scrolls of amnesia {unknown}
 L - 2 scrolls of immolation {unknown}
 N - 2 scrolls of torment {unknown}
Potions
 b - 2 potions of ambrosia
 c - 2 potions of berserk rage
 k - 9 potions of curing {@q1}
 p - 3 potions of mutation {!q}
 z - 4 potions of brilliance
 B - a potion of invisibility {unknown}
 F - a potion of resistance
 K - a potion of attraction {unknown}


   Skills:
 + Level 9.9 Fighting
 - Level 5.0 Dodging
 - Level 5.0 Stealth
 - Level 10.0 Unarmed Combat
 - Level 3.0 Spellcasting
 - Level 4.0 Transmutations
 - Level 4.0 Earth Magic
 + Level 5.9 Invocations
 + Level 4.9 Evocations


You had 14 spell levels left.
You knew the following spells:

 Your Spells              Type           Power      Damage    Failure   Level
q - Passwall              Tmut/Erth      18%        N/A       4%          2

Your spell library contained the following spells:

 Spells                   Type           Power      Damage    Failure   Level
 Sandblast                Erth           44%        2d11      2%          1
 Slow                     Hex            12%        N/A       14%         1
 Stone Arrow              Conj/Erth      26%        3d8       19%         3
 Confusing Touch          Hex            3%         N/A       38%         3
 Vampiric Draining        Necr           3%         2d6       38%         3
 Yara's Violent Unravell  Hex/Tmut       6%         3d5       86%         5
 Fireball                 Conj/Fire      1%         3d3       98%         5
 Iskenderun's Battlesphe  Conj           3%         2d6       98%         5
 Conjure Ball Lightning   Conj/Air       1%         3x3d6     100%        6
 Enfeeble                 Hex            1%         N/A       100%        7
 Orb of Destruction       Conj           1%         9d5       100%        7


Dungeon Overview and Level Annotations

Branches:
Dungeon (11/15)            Temple (1/1) D:6            Lair (1/6) D:11
    Orc (0/2) D:11

Altars:
Ashenzari
Cheibriados
Dithmenos
Elyvilon
Fedhas
Gozag
Hepliaklqana
Kikubaaqudgha
Makhleb
Nemelex Xobeh
Okawaru
Qazlal
Ru
Sif Muna
Trog
Uskayaw
Vehumet
Wu Jian
Xom
Yredelemnul
Zin
The Shining One

Shops:
D:4 (


Innate Abilities, Weirdness & Mutations

You have razor-sharp teeth.
Your natural rate of healing is unusually fast.
When hurt, damage is shared between your health and your magic reserves.
Your bite disrupts and absorbs the magic of your enemies.
Potions cannot restore your health.


Message History

The yak gores you. The yak closely misses you. The yak misses you.
You punch the yak! You bite the yak, but do no damage.
The cane toad closely misses you.
You barely miss the yak. You punch the yak. You bite the yak.
You kill the yak!
Cheibriados appreciates the change of pace.
The yak gores you. The yak misses you. The cane toad closely misses you.
You punch the yak! Your bite misses the yak. The cane toad misses you.
The yak closely misses you. The yak completely misses you.
The yak barely misses you.
You hit the yak. You punch the yak! You bite the yak. You drain its power.
You feel invigorated. The cane toad barely misses you.
The yak completely misses you. The yak closely misses you. The yak gores you.
You hit the yak. The cane toad stings you.
You are poisoned.
The cane toad poisons you! The yak gores you! The yak gores you.
The yak gores you!
* * * LOW HITPOINT WARNING * * *
The flow of time bends around you.
Cheibriados rebukes the yak.
The yak seems to slow down.
Cheibriados rebukes the yak.
The yak seems to slow down.
Cheibriados rebukes the yak.
The yak seems to slow down.
The cane toad resists with some effort.
You feel very sick. The cane toad closely misses you.
You barely miss the cane toad. You punch the cane toad.
You feel sick. The cane toad barely misses you. The yak gores you.
* * * LOW HITPOINT WARNING * * *
The yak gores you but does no damage. The yak gores you!
* * * LOW HITPOINT WARNING * * *
You don't have enough magic at the moment.
Unknown command.
You feel very mighty all of a sudden.
You feel sick.
The cane toad stings you but does no damage.
The yak gores you but does no damage.
You punch the yak! You bite the yak.
You kill the yak!
Cheibriados appreciates the change of pace.
You feel sick. The cane toad misses you. The yak barely misses you. x2
Training target 5.0 for Stealth reached!
Your Stealth skill increases to level 5!
You punch the cane toad! Your bite misses the cane toad.
You feel sick. The cane toad stings you.
* * * LOW HITPOINT WARNING * * *
You barely miss the cane toad. Your bite misses the cane toad.
You feel sick. The cane toad stings you!
You die...

........###...
#.........#....
#...........#...
#....).........
##...........#
#.......$....##
#.†FY.......#
###@Y...?....
#............
#............
#####............
#...#....##..!...
###........#
#.....
#.#......###
.#..l ##..#...###
# .. ###......##
.


You could see 2 yaks and a cane toad.

Vanquished Creatures
  5 two-headed ogres
  2 cyclopes
  An unseen horror (D:10)
  A troll (D:9)
  A slime creature (D:7)
  2 vampires (D:9)
  4 steam dragons
  16 yaks
  Menkaure (D:5)
  4 acid dragons
  3 water moccasins (D:8)
  3 ice beasts
  An orc warrior (D:11)
  A sky beast (D:7)
  2 black bears
  An ogre (D:5)
  6 phantoms
  2 centaurs
  3 kobold brigands
  5 bullfrogs
  3 necrophages
  3 gnoll sergeants
  7 scorpions
  A killer bee (D:8)
  A howler monkey (D:9)
  An electric eel (D:7)
  2 jellies
  5 orc priests
  2 hounds
  A gnoll shaman (D:7)
  7 orc wizards
  Natasha (thrice) (D:3)
  Robin (D:2)
  20 gnolls
  7 adders
  A shadow imp (D:6)
  2 white imps (D:7)
  6 worms
  6 dart slugs
  29 orcs
  10 ball pythons
  7 endoplasms
  2 giant cockroaches
  20 goblins
  9 hobgoblins
  2 jackals (D:1)
  21 kobolds
  3 quokkas
  4 bats
  2 frilled lizards (D:3)
  2 rats
254 creatures vanquished.

Vanquished Creatures (others)
  A fungus (Lair:1)
  9 plants
10 creatures vanquished.

Grand Total: 264 creatures vanquished

Notes
Turn   | Place    | Note
-------+----------+-------------------------------------------
     0 | D:1      | Zinzilulo the Vine Stalker Monk began the quest for the
                  | Orb.
     0 | D:1      | Reached XP level 1. HP: 11/11 MP: 2/2
   182 | D:1      | Reached XP level 2. HP: 10/16 MP: 3/3
   362 | D:1      | Found a faded altar of an unknown god.
   863 | D:1      | Reached XP level 3. HP: 18/20 MP: 4/4
  1876 | D:2      | Found a hide-covered altar of Uskayaw.
  2419 | D:3      | Reached skill level 4 in Unarmed Combat
  2419 | D:3      | Gained mutation: Your natural rate of healing is unusually
                  | fast. [Vine Stalker growth]
  2419 | D:3      | Reached XP level 4. HP: 19/25 MP: 3/5
  2621 | D:3      | Identified the +5 short sword of Ledywn {protect, rC+ rN+}
  2625 | D:3      | Identified the +4 whip of Nightmares {venom, Fly Int+2}
  2667 | D:3      | Noticed Robin
  2880 | D:2      | Killed Robin
  3416 | D:3      | Noticed Natasha
  3424 | D:3      | Killed Natasha
  3425 | D:3      | Reached XP level 5. HP: 18/29 MP: 6/6
  3597 | D:3      | You fall into a shaft and drop 1 floor!
  3884 | D:3      | Noticed Natasha
  3954 | D:3      | Killed Natasha
  3955 | D:3      | Reached skill level 5 in Unarmed Combat
  3955 | D:3      | Reached XP level 6. HP: 33/34 MP: 7/7
  4194 | D:3      | Noticed Natasha
  4202 | D:3      | Killed Natasha
  4342 | D:4      | Reached skill level 5 in Fighting
  4506 | D:3      | Reached XP level 7. HP: 36/39 MP: 8/8
  4572 | D:4      | Reached skill level 6 in Unarmed Combat
  4619 | D:4      | Found a bloodstained altar of Trog.
  4868 | D:4      | Found Eseps's Weapon Shop.
  5097 | D:4      | Found an iron altar of Okawaru.
  5204 | D:5      | Entered Level 5 of the Dungeon
  5262 | D:5      | Noticed a two-headed ogre
  5363 | D:5      | Noticed Menkaure
  5371 | D:5      | Killed Menkaure
  5372 | D:5      | Gained mutation: You have razor-sharp teeth. [Vine Stalker
                  | growth]
  5372 | D:5      | Reached XP level 8. HP: 30/44 MP: 6/9
  5498 | D:5      | Reached skill level 7 in Unarmed Combat
  6015 | D:5      | Killed a two-headed ogre
  6016 | D:5      | Reached skill level 5 in Dodging
  6016 | D:5      | Reached XP level 9. HP: 24/50 MP: 4/14
  6412 | D:6      | Reached skill level 8 in Unarmed Combat
  6992 | D:6      | Found a staircase to the Ecumenical Temple.
  7084 | Temple   | Entered the Ecumenical Temple
  7352 | Temple   | Became a worshipper of Cheibriados the Contemplative
  7352 | Temple   | Reached * piety under Cheibriados
  7352 | Temple   | Reached ** piety under Cheibriados
  7450 | D:6      | Reached skill level 1 in Invocations
  7796 | D:7      | Learned a level 2 spell: Passwall
  8021 | D:7      | Reached XP level 10. HP: 46/57 MP: 15/15
  8160 | D:7      | Noticed a cyclops
  8173 | D:7      | Killed a cyclops
  8174 | D:7      | Reached skill level 1 in Transmutations
  8174 | D:7      | Reached skill level 1 in Earth Magic
  8174 | D:7      | Reached skill level 1 in Evocations
  8651 | D:8      | Found a hazy altar of Hepliaklqana.
  8923 | D:8      | Found a sparkling altar of Nemelex Xobeh.
  8932 | D:8      | Reached *** piety under Cheibriados
  8953 | D:8      | Reached skill level 9 in Unarmed Combat
  8999 | D:8      | Noticed a two-headed ogre
  9020 | D:8      | Killed a two-headed ogre
  9502 | D:9      | Found a shadowy altar of Dithmenos.
  9502 | D:9      | Found an opulent altar of Gozag.
  9518 | D:9      | Identified the +0 ring mail of Refuge {*Slow rF+ SInv}
  9546 | D:9      | Found a sacrificial altar of Ru.
  9546 | D:9      | Found a blossoming altar of Fedhas.
  9606 | D:9      | Noticed a two-headed ogre
  9618 | D:9      | Killed a two-headed ogre
  9619 | D:9      | Reached XP level 11. HP: 33/62 MP: 10/16
  9700 | D:9      | Noticed a two-headed ogre
  9710 | D:9      | Killed a two-headed ogre
  9746 | D:9      | Noticed a two-headed ogre
  9760 | D:9      | Killed a two-headed ogre
 10010 | D:10     | Entered Level 10 of the Dungeon
 10019 | D:10     | Noticed a cyclops
 10524 | D:10     | Killed a cyclops
 10525 | D:10     | Reached skill level 5 in Invocations
 10667 | D:10     | Reached **** piety under Cheibriados
 11909 | D:11     | Reached skill level 10 in Unarmed Combat
 11972 | D:11     | Found a staircase to the Orcish Mines.
 12474 | D:11     | Identified the +6 whip "Yrphobeine" {spect, *Corrode rPois
                  | MP+9 Str+6 SInv}
 12496 | D:11     | Found a staircase to the Lair.
 12704 | Lair:1   | Entered Level 1 of the Lair of Beasts
 12756 | Lair:1   | Reached skill level 5 in Stealth
 12757 | Lair:1   | Slain by a cane toad

Illustrated notes

Levels and vault maps discovered:
D:1:      wander_arrival_fairy_ring, layout_basic,
          chequers_ecumenical_altar_island, minmay_misc_feat_doors
D:2:      layout_loops_ring, basic_altar, minmay_misc_feat_hallway
D:3:      layout_basic, grunt_ministairs_1, chequers_serial_rivers_small_3,
          uniq_natasha, uniq_robin
D:4:      layout_loops_ring, okawaru_altar_gauntlet_db,
          mainiacjoe_overflow_chevrons, serial_shops, nicolae_lakefront_shop
D:5:      layout_loops_ring, minmay_chambers_of_fives, uniq_menkaure
D:6:      layout_gridville, minmay_temple_entry_fiery
D:7:      layout_loops_ring, grunt_ministairs_8, minivault_25,
          chequers_big_river, minmay_misc_feat_tiny, grunt_decor_junction,
          chequers_decorated_corner, minmay_three_doors
D:8:      layout_loops_cross, mainiacjoe_overflow_cross_hatched,
          amcnicky_altar_gilded, nicolae_fountain_basement
D:9:      layout_basic, grunt_temple_overflow_open
D:10:     layout_big_octagon
D:11:     layout_long_grid, lair_entry_dummy, hiddenorc1_lemuel,
          serial_bayou_pond_c
Temple:   minmay_temple_curvy_branch
Lair:1:   beast_lair_carwin_large_2, layout_hall_layers

Skill      XL: |  1  2  3  4  5  6  7  8  9 10 11 |
---------------+----------------------------------+-----
Fighting       | 3 4 5 6 7 8 9 |  9.9
Unarmed Combat | 4 5 6 7 8 9 10 | 10.0
Dodging        | 5 |  5.0
Spellcasting   | 3 |  3.0
Invocations    | 2 4 5 |  5.9
Transmutations | 3 4 |  4.0
Earth Magic    | 3 4 |  4.0
Evocations     | 3 4 |  4.9
Stealth        | 5 |  5.0

Action                   |  1- 3 |  4- 6 |  7- 9 | 10-12 || total
-------------------------+-------+-------+-------+-------++-------
Melee: Unarmed           |    86 |   171 |   279 |   347 ||   883
       Bite              |    23 |    43 |   101 |   147 ||   314
       Punch             |     2 |     6 |    13 |    21 ||    42
Throw: Javelin           |       |     5 |       |       ||     5
Invok: Bend Time         |       |       |       |     2 ||     2
       Slouch            |       |       |       |     1 ||     1
Evoke: Wand              |       |       |       |     1 ||     1
  Use: Scroll            |       |       |     5 |     8 ||    13
       Potion            |       |       |     1 |     2 ||     3
 Stab: Sleeping          |     6 |     3 |     4 |     3 ||    16
Armor: Robe              |     2 |       |       |       ||     2
       Leather armour    |     2 |       |       |       ||     2
       Ring mail         |     6 |    65 |    63 |     6 ||   140
       Skin              |       |       |     3 |     2 ||     5
       Scale mail        |       |       |     5 |    43 ||    48
       Acid dragon scale |       |       |       |    41 ||    41
Dodge: Dodged            |    43 |    92 |   185 |   362 ||   682

Table legend: (Time is in decaauts)
 A = Elapsed time spent in this place.
 B = Non-inter-level travel time spent in this place.
 C = Inter-level travel time spent in this place.
 D = Time resting spent in this place.
 E = Time spent auto-exploring this place.
 F = Levels seen in this place.
 G = Mean time per level.
                   A        B        C        D        E       F      G
               +--------+--------+--------+--------+--------+-----+--------+
         Total |  15239 |  13685 |   1554 |   2076 |   9060 |  13 | 1172.2 |
       Dungeon |  14863 |  13338 |   1525 |   2076 |   8761 |  11 | 1351.2 |
        Temple |    306 |    278 |     28 |      0 |    276 |   1 |  306.0 |
          Lair |     70 |     70 |      0 |      0 |     22 |   1 |   70.0 |
               +--------+--------+--------+--------+--------+-----+--------+

Top non-repeatable levels by time:
     D:7: 1745 daAuts
     D:2: 1629 daAuts
    D:11: 1629 daAuts
     D:3: 1615 daAuts
     D:8: 1428 daAuts
     D:1: 1238 daAuts
     D:6: 1218 daAuts
     D:4: 1172 daAuts
     D:9: 1128 daAuts
     D:5: 1029 daAuts
    D:10: 1027 daAuts
  Temple: 306 daAuts
  Lair:1: 70 daAuts
